 Dungeon Crawl Stone Soup version 0.30.1-11-g7821555f0a (webtiles) character file.

Game seed: 4882875534854765150

9 leafyfresh the Sneak (level 2, -4/25 HPs)
             Began as a Barachi Delver on Nov 16, 2023.
             Slain by a black bear (6 damage)
             ... on level 5 of the Dungeon.
             The game lasted 00:00:33 (333 turns).

leafyfresh the Sneak (Barachi Delver)                Turns: 333, Time: 00:00:33

Health: -4/25      AC:  3    Str: 13    XL:     2   Next: 12%
Magic:  2/2        EV: 12    Int: 10    God:
Gold:   8          SH:  0    Dex: 13    Spells: 1/1 levels left

rFire   . . .        a - +0 short sword
rCold   . . .        (no shield)
rNeg    . . .        b - +0 leather armour
rPois   .            (no helmet)
rElec   .            (no cloak)
rCorr   .            (no gloves)
SInv    .            (no boots)
Will    .....        (no amulet)
Stlth   ++           (no ring)
HPRegen 0.24/turn    (no ring)
MPRegen 0.08/turn

%: no passive effects
@: slow
A: amphibious, slowness 1, strong legs 1, +LOS
a: Hop


You were on level 5 of the Dungeon.
You visited 1 branch of the dungeon, and saw 1 of its levels.

You collected 8 gold pieces.

Inventory:

Hand Weapons
 a - a +0 short sword (weapon)
Armour
 b - a +0 leather armour (worn)
 h - a +0 buckler
Wands
 g - a wand of digging (3)
Scrolls
 c - a scroll of fog
 d - a scroll of magic mapping
 e - a scroll of fear
 i - a scroll of silence {unknown}
Potions
 f - a potion of haste


   Skills:
 + Level 4.0 Fighting
 - Level 2.1(2.3) Short Blades
 + Level 1.3(2.1) Long Blades
 - Level 2.1 Dodging
 - Level 4.5 Stealth


You had one spell level left.
You didn't know any spells.
Your spell library was empty.

Dungeon Overview and Level Annotations

Branches:
Dungeon (5/15)
 Temple: D:4-7

Altars:

Shops:
D:5 :


Innate Abilities, Weirdness & Mutations

You are amphibious.
You cover ground slowly.
You can hop short distances.
You have an extended range of vision and can be seen from far away.


Message History

You see here an adder skeleton.
Found Denugoli's Book Shoppe.
Found a sling.
A black bear comes into view.
There is an entrance to Denugoli's Book Shoppe here.
The black bear growls angrily.
You hit the black bear.
The black bear is lightly wounded.
The black bear bites you! The black bear claws you.
The black bear closely misses you.
You hit the black bear.
The black bear is lightly wounded.
The black bear barely misses you. The black bear misses you. x2
You hit the black bear.
The black bear is moderately wounded.
The black bear bites you. The black bear barely misses you.
The black bear claws you.
You are too injured to fight recklessly!
You are too injured to fight recklessly!
You are too injured to fight recklessly!
You are too injured to fight recklessly!
You are too injured to fight recklessly!
You are too injured to fight recklessly!
You hit the black bear.
The black bear is moderately wounded.
The black bear closely misses you.
The black bear claws you but does no damage. x2
You hit the black bear.
The black bear is heavily wounded.
The black bear bites you.
* * * LOW HITPOINT WARNING * * *
The black bear claws you.
* * * LOW HITPOINT WARNING * * *
The black bear closely misses you.
Unknown command.
Unknown command.
You hit the black bear.
The black bear is heavily wounded.
The black bear bites you.
You die...

#+# #.## #..###
######### #....#
#....$..# #.##.#
#.#..)#.# ####.##.#
##.h#.#..# #..÷.##.##
#...@∩...###.#####..#
#...#.#......# ###'#
#..#...#.##### #...#
#....?...# #....
#.##.##### #....
#.... #.... #####
####. #. ######.


You could see a black bear.

Vanquished Creatures
  An adder (D:5)
1 creature vanquished.

Notes
Turn   | Place    | Note
-------+----------+-------------------------------------------
     0 | D:5      | leafyfresh the Barachi Delver began the quest for the Orb.
     0 | D:5      | Reached XP level 1. HP: 18/18 MP: 1/1
    50 | D:5      | Reached skill level 1 in Long Blades
    50 | D:5      | Reached XP level 2. HP: 10/25 MP: 2/2
   319 | D:5      | Found Denugoli's Book Shoppe.
   326 | D:5      | Noticed a black bear
   333 | D:5      | Slain by a black bear

Illustrated notes

Levels and vault maps discovered:
D:5:      layout_basic, mainiacjoe_overflow_alcove_2, serial_shops,
          nicolae_shop_advertising_works [nicolae_subvault_shop_adworks]

Skill      XL: |  1 |
---------------+----+-----
Fighting       | 4 |  4.0
Long Blades    | 1 |  1.3
Short Blades   | |  2.1
Dodging        | |  2.1
Stealth        | |  4.5

Action                     || total
---------------------------++-------
  Melee: Short sword       ||    19
 Armour: Leather armour    ||     9
  Dodge: Dodged            ||     9
